 Dungeon Crawl Stone Soup version 0.28-a0-631-g0446da8ef9 (webtiles) character file.

Game seed: 6896607874524867034

372 jasper the Bolt Thrower (level 6, -1/43 HPs)
             Began as a Demonspawn Arcane Marksman on Oct 10, 2021.
             Slain by Pikel (4 damage)
             ... on level 4 of the Dungeon.
             The game lasted 00:05:15 (3833 turns).

jasper the Bolt Thrower (DsAM)                      Turns: 3833, Time: 00:05:16

Health: -1/43      AC: 15    Str: 12    XL:     6   Next: 43%
Magic:  7/7        EV:  9    Int: 14    God:
Gold:   114        SH:  0    Dex: 14    Spells: 4/7 levels left

rFire   . . .      SeeInvis .   a - +1 hand crossbow
rCold   . . .      Faith    .   (no shield)
rNeg    . . .      Spirit   .   h - +1 scale mail
rPois   .          Reflect  .   l - +2 hat
rElec   .          Harm     .   b - scarf {+Inv}
rCorr   .          Rampage  .   (no gloves)
Will    .....                   (no boots)
Stlth   ..........              (no amulet)
HPRegen 0.14/turn               (no ring)
MPRegen 0.10/turn               (no ring)

@: sanguine armoured
A: demonic guardian 1, sanguine armour 1, condensation shield
a: Evoke Invisibility


You were on level 4 of the Dungeon.
You visited 1 branch of the dungeon, and saw 4 of its levels.

You collected 114 gold pieces.

Inventory:

Hand Weapons
 a - a +1 hand crossbow (weapon)
 e - a +0 dagger
 f - a +0 short sword
 k - a +0 trident
Missiles
 c - 7 bolts (quivered ammo)
 g - 48 stones
Armour
 b - a scarf of invisibility (worn)
 d - a +0 robe
 h - a +1 scale mail (worn)
 l - a +2 hat (worn)
Scrolls
 j - 2 scrolls of identify
Potions
 i - 2 potions of curing
 m - a potion of degeneration {unknown}
 n - a potion of heal wounds {unknown}


   Skills:
 - Level 1.0 Fighting
 + Level 6.3 Crossbows
 - Level 1.7 Dodging
 - Level 1.0 Spellcasting
 - Level 3.0 Hexes


You had 4 spell levels left.
You knew the following spells:

 Your Spells              Type           Power      Damage    Failure   Level
a - Inner Flame           Hex/Fire       4%         N/A       93%         3

Your spell library contained the following spells:

 Spells                   Type           Power      Damage    Failure   Level
 Slow                     Hex            9%         N/A       54%         2
 Portal Projectile        Hex/Tloc       8%         N/A       93%         3
 Cause Fear               Hex            4%         N/A       99%         4


Dungeon Overview and Level Annotations

Branches:
Dungeon (4/15)
 Temple: D:4-7

Altars:

Annotations:
D:2 Robin
D:4 Pikel


Innate Abilities, Weirdness & Mutations

A weak demonic guardian rushes to your aid.
When seriously injured, your bleeding wounds create armour. (AC +6)
A meltable shield of frost defends you. (SH +0)


Message History

Press: ? - help, Q - select action, (/) - cycle Shift-Dir - straight line, f/p - Pikel
Aim: Pikel, wielding a +0 whip of flaming and wearing a +0 robe (lightly wounded, 60% to hit)
You shoot a bolt. The bolt hits Pikel.
Pikel is lightly wounded.
Pikel hits you with a +0 whip of flaming.
Your condensation shield dissipates!
Pikel burns you.
You take 8 damage, and have 17/43 hp.
Fire: 11 bolts
Press: ? - help, Q - select action, (/) - cycle Shift-Dir - straight line, f/p - Pikel
Aim: Pikel, wielding a +0 whip of flaming and wearing a +0 robe (lightly wounded, 59% to hit)
You shoot a bolt. The bolt closely misses Pikel.
The bolt closely misses the lemure.
The bolt hits the lemure.
The lemure is moderately wounded.
Pikel hits you but does no damage. x2
Fire: 10 bolts
Press: ? - help, Q - select action, (/) - cycle Shift-Dir - straight line, f/p - Pikel
Aim: Pikel, wielding a +0 whip of flaming and wearing a +0 robe (lightly wounded, 59% to hit)
You shoot a bolt. The bolt hits Pikel!
Pikel is moderately wounded.
Pikel hits you but does no damage.
Fire: 9 bolts
Press: ? - help, Q - select action, (/) - cycle Shift-Dir - straight line, f/p - Pikel
Aim: Pikel, wielding a +0 whip of flaming and wearing a +0 robe (moderately wounded, 60% to hit)
You shoot a bolt. The bolt hits Pikel!
Pikel is severely wounded.
Pikel hits you with a +0 whip of flaming.
A demonic guardian appears!
Pikel burns you.
* * * LOW HITPOINT WARNING * * *
You take 7 damage, and have 11/43 hp.
Fire: 8 bolts
Press: ? - help, Q - select action, (/) - cycle Shift-Dir - straight line, f/p - Pikel
Aim: Pikel, wielding a +0 whip of flaming and wearing a +0 robe (heavily wounded, ally target, 60% to hit)
You shoot a bolt. The bolt hits Pikel.
Pikel is severely wounded.
Pikel hits you with a +0 whip of flaming!
* * * LOW HITPOINT WARNING * * *
Pikel burns you.
You die...

......###....#..####.# ##..##
......# #....#.....# #.. #.#.
......# #..##[##...##... ##...
........##..#.......... #....
...#....#........#...# .####..
.....##.#.#......#..# ...##...
.....#..........5...# #........
..................### ###....5.
..........#....#@## #+# ##.#...
.....####.#....#K# +.+ #.##.#
.....[.#..#..###5## ##.## ##.#...
#..............555###.#.###......
......................#....5...#.
#.......##.........#.###..#....##
...........#.......#.K...........
#..........##...(.....5......#...
.##..........................#...


You could see Pikel (ally target), 4 lemures and a friendly iron imp (summoned).

Vanquished Creatures
  A necrophage (D:3)
  A scorpion (D:4)
  A jelly (D:4)
  An iguana (D:4)
  A hound skeleton (D:4)
  7 gnolls
  An adder (D:3)
  2 worms
  A dart slug (D:1)
  An orc (D:3)
  5 ball pythons
  5 endoplasms
  4 giant cockroaches
  4 goblins
  4 hobgoblins (D:1)
  2 jackals (D:3)
  3 quokkas (D:1)
  5 bats
  3 frilled lizards
  7 kobolds
  3 rats
62 creatures vanquished.

Vanquished Creatures (collateral kills)
  A gnoll (D:2)
  A ball python (D:3)
2 creatures vanquished.

Grand Total: 64 creatures vanquished

Notes
Turn   | Place    | Note
-------+----------+-------------------------------------------
     0 | D:1      | jasper the Demonspawn Arcane Marksman began the quest for
                  | the Orb.
     0 | D:1      | Reached XP level 1. HP: 15/15 MP: 2/2
    58 | D:1      | Reached skill level 2 in Crossbows
   394 | D:1      | Gained mutation: A weak demonic guardian rushes to your
                  | aid. [demonic ancestry]
   394 | D:1      | Reached XP level 2. HP: 21/21 MP: 3/3
   897 | D:1      | Reached skill level 3 in Crossbows
  1377 | D:2      | Noticed Robin
  1432 | D:2      | Reached XP level 3. HP: 20/26 MP: 4/4
  1743 | D:3      | Learned a level 3 spell: Inner Flame
  2097 | D:3      | Noticed a necrophage
  2110 | D:3      | Killed a necrophage
  2111 | D:3      | Reached skill level 4 in Crossbows
  2111 | D:3      | Reached XP level 4. HP: 27/32 MP: 5/5
  2111 | D:3      | Gained mutation: When seriously injured, your bleeding
                  | wounds create armour. (AC +6) [demonic ancestry]
  2111 | D:3      | Reached XP level 5. HP: 31/37 MP: 6/6
  2291 | D:3      | Found a faded altar of an unknown god.
  2465 | D:4      | Reached skill level 5 in Crossbows
  2768 | D:4      | Gained mutation: A meltable shield of frost defends you.
                  | (SH +0) [demonic ancestry]
  2768 | D:4      | Reached XP level 6. HP: 33/43 MP: 7/7
  2867 | D:3      | Reached skill level 6 in Crossbows
  3781 | D:4      | Noticed Pikel
  3833 | D:4      | Slain by Pikel

Illustrated notes

Levels and vault maps discovered:
D:1:      minmay_arrival_diagonal_passages, layout_loops_corners
D:2:      layout_loops_cross, serial_shops, nicolae_shop_waterfront, uniq_robin,
          uniq_jessica
D:3:      layout_rooms, chequers_ecumenical_altar_simple_redux
D:4:      layout_cave_pools, nemelex_dance_club_becter, uniq_pikel

Skill      XL: |  1  2  3  4  5  6 |
---------------+-------------------+-----
Crossbows      | 2 3 4 5 6 |  6.3
Fighting       | |  1.0
Dodging        | |  1.7
Spellcasting   | |  1.0
Hexes          | |  3.0

Action                   |  1- 3 |  4- 6 || total
-------------------------+-------+-------++-------
Melee: Short sword       |    22 |     5 ||    27
       Trident           |       |    65 ||    65
 Fire: Hand crossbow     |   100 |    43 ||   143
Throw: Stone             |       |     1 ||     1
  Use: Scroll            |     4 |     1 ||     5
Armor: Robe              |     2 |       ||     2
       Scale mail        |    23 |    28 ||    51
Dodge: Dodged            |    27 |    59 ||    86
Block: Other             |       |     9 ||     9

Table legend: (Time is in decaauts)
 A = Elapsed time spent in this place.
 B = Non-inter-level travel time spent in this place.
 C = Inter-level travel time spent in this place.
 D = Time resting spent in this place.
 E = Time spent auto-exploring this place.
 F = Levels seen in this place.
 G = Mean time per level.
                   A        B        C        D        E       F      G
               +--------+--------+--------+--------+--------+-----+--------+
         Total |   3901 |   3791 |    110 |    791 |   2294 |   4 |  975.2 |
       Dungeon |   3901 |   3791 |    110 |    791 |   2294 |   4 |  975.2 |
               +--------+--------+--------+--------+--------+-----+--------+

Top non-repeatable levels by time:
     D:3: 1613 daAuts
     D:1: 1438 daAuts
     D:4: 458 daAuts
     D:2: 391 daAuts
